[Event "*** SCC Grand Prix: Titled Tuesday Blitz"]
[Site "Chess.com"]
[Date "2020.10.13"]
[Round "3"]
[White "Orest_Vovk"]
[Black "Aguiar94"]
[Result "1/2-1/2"]
[WhiteElo "2411"]
[BlackElo "2590"]
[TimeControl "180+1"]
[EndTime "10:31:39 PDT"]
[Termination "Game drawn by repetition"]

1. d4 Nf6 2. Bf4 d5 3. e3 c5 4. c3 Nc6 5. Nf3 Qb6 6. Qb3 c4 7. Qxb6 axb6 8. a3 b5 9. Nbd2 b4 10. cxb4 Nxb4 11. Rc1 Nc6 12. Be2 b5 13. O-O h6 14.
Nb1 Bf5 15. Nc3 Ra5 16. Bc7 Ra7 17. Nxb5 Rb7 18. a4 e6 19. b3 Rxc7 20. Nxc7+ Kd7 21. Na6 Ba3 22. bxc4 Bxc1 23. Rxc1 Kd6 24. c5+ Ke7 25. Bb5 Na5 26. Ne5 Rc8 27. h3 h5 28. Nb4 Ne4 29.
Nbc6+ Nxc6 30. Nxc6+ Kf8 31. a5 Nd2 32. a6 Nc4 33. a7 Ra8 34. Ba6 Na5 35. Nxa5 Rxa7 36. c6 Rxa6 37. c7 e5 38. c8=Q+ Bxc8 39. Rxc8+ Ke7 40.
Rc5 exd4 41. exd4 Kd6 42. Nb7+ Ke6 43. Na5 Kd6 44. g4 hxg4 45. hxg4 Rb6 46. Kg2 Rb4 47. Rc6+ Kd7 48. Ra6 Rxd4 49. Ra7+ Ke6 50. Kg3 Ra4 51. Nc6 Rxa7 52. Nxa7 Ke5 53. Nc6+ Ke4 54. f3+ Ke3 55. f4 d4 56. Nb4 d3 57. Nxd3 Kxd3 58. Kh4 Ke4 59.
Kg5 Kd5 60. f5 Ke5 61. Kh4 Kf4 62. Kh5 f6 63. Kh4 Kf3 64. Kh3 Kf4 65. Kh4 Ke3 66. Kh5 Kf3 67. Kh4 Kg2 68. g5 Kf3 69. Kh5 Ke4 70. gxf6 gxf6 71. Kg4 Ke5 72. Kg3 Kxf5 73. Kf3 Ke5 74. Ke3 Kf5 75. Kf3 Kg5 76. Kg3 f5 77.
Kf3 f4 78. Kf2 Kg4 79. Kg2 f3+ 80. Kf2 Kf4 81. Kf1 Kf5 82. Kf2 Ke4 83. Kf1 Ke3 84.
Ke1 Kf4 85. Kf2 Kg4 86. Kf1 Kh3 87. Kf2 Kg4 88. Kf1 Kg3 89. Kg1 Kf4 90. Kf2 Ke4 91.
Kf1 Kd3 92. Kf2 Ke4 1/2-1/2

[Event "*** SCC Grand Prix: Titled Tuesday Blitz"]
[Site "Chess.com"]
[Date "2020.10.13"]
[Round "3"]
[White "Srisshhhtea"]
[Black "Heineccius"]
[Result "1/2-1/2"]
[WhiteElo "2273"]
[BlackElo "2513"]
[TimeControl "180+1"]
[EndTime "10:31:39 PDT"]
[Termination "Game drawn by repetition"]

1. d4 Nf6 2. c4 e6 3. Nf3 Bb4+ 4. Bd2 a5 5. g3 d6 6. Bg2 Nbd7 7. O-O e5 8. Nc3 exd4 9. Nxd4 a4 10. Qc2 O-O 11. Rad1 Nb6 12. b3 Qe7 13. e3 c6 14. Nxa4 Bc5 15.
Nxb6 Bxb6 16. Bc3 Bg4 17. Rd2 Rfe8 18. h3 Bd7 19. Nf5 Bxf5 20. Qxf5 Qe6 21. Qxe6 Rxe6 22. Rfd1 Bc7 23. a4 Kf8 24. Bb4 c5 25. Bc3 Ne4 26. Bxe4 Rxe4 27. Kg2 Re6 28. Rd5 f6 29. Kf3 Ke7 30.
e4 b6 31. Bd2 Kd7 32. Bf4 Kc6 33. Ke3 Rae8 34. f3 g6 35. Kd3 R8e7 36. Rd2 Rf7 37.
g4 Rf8 38. Kc2 Rf7 39. h4 Rf8 40. h5 g5 41. Bg3 h6 42. Rf5 Rfe8 43. Rd3 R8e7 44.
Be1 Re8 45. Bc3 Bd8 46. Rdd5 Be7 47. Rd3 Rc8 48. Rfd5 Rd8 49. a5 bxa5 50. Bxa5 Ra8 51. Bc3 Ra2+ 52. Bb2 Ra7 53. Kb1 Rd7 54. Rf5 Ra7 55.
Bc3 Kc7 56. Kb2 Rb7 57. Rfd5 Kc6 58. Bd2 Bd8 59. Bc3 Rb6 60. Be1 Kd7 61. Bg3 Ke7 62. Rf5 Bc7 63. Rfd5 Kf7 64. Bf2 Ke7 65. Bxc5 dxc5 66. Rd7+ Ke8 67. Rxc7 Red6 68. Rd5 Rxd5 69. cxd5 Rb4 70. Kc3 Rd4 71. Rxc5 Rd1 72. Rc6 Rf1 73.
Rxf6 Ke7 74. Kd4 Kxf6 75. e5+ Ke7 76. Ke4 Re1+ 77. Kf5 Re3 78. d6+ Kd7 79. f4 Rf3 80. Kg6 Rxf4 81. Kxh6 Rxg4 82. Kg6 Re4 83. Kf5 Re1 84.
h6 g4 85. Kxg4 Rh1 86. Kg5 Ke6 87. Kg6 Rg1+ 88. Kh7 Rg5 89. Kh8 Rg4 90. h7 Kd7 91. b4 Ke6 92. b5 Kd7 93. b6 Ke6 94. b7 Rb4 95. Kg7 Rxb7+ 96. Kg6 Rb8 97. Kg7 Rb7+ 98. Kg6 Rb8 99. Kg7 Rb7+ 1/2-1/2

[Event "*** SCC Grand Prix: Titled Tuesday Blitz"]
[Site "Chess.com"]
[Date "2020.10.13"]
[Round "3"]
[White "Bigfish1995"]
[Black "Rozum_Ivan"]
[Result "1/2-1/2"]
[WhiteElo "3099"]
[BlackElo "2743"]
[TimeControl "180+1"]
[EndTime "10:31:54 PDT"]
[Termination "Game drawn by agreement"]

1. e4 c6 2. d4 d5 3. f3 g6 4. Be3 Bg7 5. Nc3 Qb6 6. Na4 Qa5+ 7.
c3 Nd7 8. b4 Qc7 9. e5 f6 10.
f4 Nh6 11. Nf3 O-O 12. Be2 a5 13. a3 Nb6 14. Nb2 Bg4 15. O-O Kh8 16. Qd2 axb4 17.
axb4 Rxa1 18. Rxa1 Ra8 19. Rxa8+ Nxa8 20. h3 Bxf3 21.
Bxf3 b5 22. Nd3 Nb6 23. Qa2 Qb7 24. Nc5 Qa8 25. Qxa8+ Nxa8 26. Ne6 Nf7 27. Kf2 Kg8 28. Ke2 Nb6 29. Kd3 Nd7 30. Kc2 Nf8 31. Nc7 f5 32. c4 bxc4 33. b5 Nd8 34. bxc6 e6 35. Nxd5 Nxc6 36.
Nf6+ Bxf6 37. Bxc6 Bd8 38. Kc3 Kf7 39. Kxc4 Bb6 40.
Bd2 h6 41. g4 Bd8 42. g5 hxg5 43. fxg5 Be7 44. h4 Nh7 45. Kb5 Nf8 46. Kb6 Ba3 47. Kc7 Ke7 48. Be3 Bb4 49. Bf2 Ba3 50. Kc8 Bb4 51. Be3 Bc3 52. Bb5 Be1 53. d5 exd5 54.
Bc5+ Kf7 55. Bc6 Bxh4 56. Bxd5+ Ke8 57. e6 Nxe6 58. Bxe6 Bxg5 59. Bd5 Be7 60. Be3 Bf6 61.
Kc7 Ke7 62. Bc5+ Ke8 63. Kc6 Be7 64. Be3 Kf8 65. Kd7 Bf6 66. Bh6+ Bg7 67. Bg5 Be5 68.
Be7+ Kg7 69. Ke6 Bb2 70. Bc6 Ba1 71. Bg5 Bb2 72. Be8 Ba1 73. Bf4 Bb2 74. Bc6 Ba1 75. Ke7 Bb2 76. Bd5 Ba1 77. Ke6 Bb2 78. Bg5 Ba1 79. Bf3 Bb2 80. Bd2 Ba1 81. Ke7 Bb2 82. Ke8 Ba1 83. Bb4 Bb2 84. Bf8+ Kh8 85. Kf7 Ba1 86.
Kxg6 Bb2 87. Bd5 Ba1 88. Kxf5 Bb2 89. Kg6 Ba1 90. Be7 Bb2 91. Bg5 Ba1 92. Bc1 Bc3 93.
Bf7 Ba1 94. Bd2 Bb2 95. Bg5 Ba1 96. Ba2 Bb2 97. Bd8 Ba1 98. Bb6 Bb2 99. Bb1 Ba1 100. Kf7 Bb2 101. Be3 Ba1 102. Bg5 Bb2 103. Bg6 Ba1 104. Bf4 Bb2 105. Bf5 Ba1 106. Be3 Bb2 107. Ke6 Ba1 108. Kd5 Bb2 1/2-1/2

[Event "*** SCC Grand Prix: Titled Tuesday Blitz"]
[Site "Chess.com"]
[Date "2020.10.13"]
[Round "4"]
[White "TudorAnton"]
[Black "tandaleo"]
[Result "0-1"]
[WhiteElo "2463"]
[BlackElo "2337"]
[TimeControl "180+1"]
[EndTime "10:33:40 PDT"]
[Termination "tandaleo won by resignation"]

1. d4 d5 2. c4 e6 3. Nf3 Nf6 4. Nc3 Be7 5. Bg5 O-O 6. e3 h6 7.
Bh4 b6 8. cxd5 Nxd5 9. Bd3 Bxh4 10. Nxh4 Qxh4 11. Nxd5 exd5 12. Qc2 c6 0-1

[Event "*** SCC Grand Prix: Titled Tuesday Blitz"]
[Site "Chess.com"]
[Date "2020.10.13"]
[Round "4"]
[White "Juanovic"]
[Black "VladaSviridova"]
[Result "0-1"]
[WhiteElo "2105"]
[BlackElo "2250"]
[TimeControl "180+1"]
[EndTime "10:33:59 PDT"]
[Termination "VladaSviridova won by resignation"]

1. e4 e6 2. d4 d5 3. Nc3 Bb4 4. e5 c5 5. a3 Bxc3+ 6. bxc3 Ne7 7. Nf3 b6 8. Bb5+ Bd7 9. Bd3 Ba4 10. O-O c4 11. Be2 h6 12. Bf4 Kd7 13. Bg3 Qg8 14. Qb1 Nbc6 15. Nd2 Qh7 16. Rc1 g5 17. Bh5 Rag8 18.
Qb4 Nxb4 0-1

[Event "*** SCC Grand Prix: Titled Tuesday Blitz"]
[Site "Chess.com"]
[Date "2020.10.13"]
[Round "4"]
[White "gumimis"]
[Black "Trovita84"]
[Result "1-0"]
[WhiteElo "2245"]
[BlackElo "2026"]
[TimeControl "180+1"]
[EndTime "10:34:45 PDT"]
[Termination "gumimis won by checkmate"]

1. e4 e5 2. Nf3 Nc6 3. Bb5 Nf6 4. d4 exd4 5. e5 Nd5 6. Nxd4 Bc5 7.
Nf5 Nde7 8. Nxg7+ Kf8 9. Bh6 Kg8 10. Nh5 Nxe5 11. Nf6# 1-0

[Event "*** SCC Grand Prix: Titled Tuesday Blitz"]
[Site "Chess.com"]
[Date "2020.10.13"]
[Round "4"]
[White "WiktoriaPOL"]
[Black "tteshan"]
[Result "0-1"]
[WhiteElo "2062"]
[BlackElo "2378"]
[TimeControl "180+1"]
[EndTime "10:34:46 PDT"]
[Termination "tteshan won by checkmate"]

1. c4 c5 2. Nf3 Nc6 3. Nc3 g6 4.
e3 Bg7 5. d4 cxd4 6. exd4 d6 7.
d5 Ne5 8. Nxe5 Bxe5 9. Be3 Bg7 10. Qd2 Nf6 11. Bd3 O-O 12. O-O-O Ng4 13. Bf4 Qa5 14. f3 Ne5 15. Be2 Bd7 16. h4 Rfc8 17. b3 Nxc4 18.
Bxc4 Bxc3 19. Qd3 Qa3+ 20. Kc2 Qb2# 0-1

[Event "*** SCC Grand Prix: Titled Tuesday Blitz"]
[Site "Chess.com"]
[Date "2020.10.13"]
[Round "4"]
[White "Sven_Tica"]
[Black "Azatic"]
[Result "1-0"]
[WhiteElo "2645"]
[BlackElo "2490"]
[TimeControl "180+1"]
[EndTime "10:34:49 PDT"]
[Termination "Sven_Tica won by resignation"]

1. d4 Nf6 2. c4 g6 3. Nc3 Bg7 4. Bf4 O-O 5. e3 c5 6. d5 d6 7. Nf3 Na6 8. h3 Nc7 9. Bd3 b5 10. O-O bxc4 11. Bxc4 Rb8 12. b3 Nh5 13. Rc1 Nxf4 14. exf4 Ba6 15. Qe2 Bxc4 16. Qxc4 Rb4 17. Qe2 Rxf4 18. Rfe1 Re8 19. a3 Bxc3 20. Rxc3 Nxd5 21.
Rd3 e6 22. Rxd5 Rxf3 23. gxf3 1-0

[Event "*** SCC Grand Prix: Titled Tuesday Blitz"]
[Site "Chess.com"]
[Date "2020.10.13"]
[Round "4"]
[White "tlomigtlis"]
[Black "CarlssonLudvig"]
[Result "1-0"]
[WhiteElo "2635"]
[BlackElo "2480"]
[TimeControl "180+1"]
[EndTime "10:34:52 PDT"]
[Termination "tlomigtlis won by resignation"]

1. d4 d5 2. c4 c6 3. Nf3 Nf6 4. Nc3 e6 5. Bg5 Nbd7 6. e3 Qa5 7. cxd5 Nxd5 8. Qd2 Bb4 9. Rc1 Nxc3 10. bxc3 Ba3 11. Rb1 b6 12. Bd3 Ba6 13. O-O Bxd3 14. Qxd3 O-O 15. c4 Rfe8 16. Bh4 g6 17. Qe4 Rac8 18. Qf4 Bf8 19. Bg5 e5 20. Qg4 Rc7 21. dxe5 Nxe5 22. Nxe5 Rxe5 23. Bf4 Re4 24. Rfd1 Rc8 25. Qxc8 1-0

[Event "*** SCC Grand Prix: Titled Tuesday Blitz"]
[Site "Chess.com"]
[Date "2020.10.13"]
[Round "4"]
[White "GOGIEFF"]
[Black "TorFredrikKaasen"]
[Result "1-0"]
[WhiteElo "2882"]
[BlackElo "2718"]
[TimeControl "180+1"]
[EndTime "10:35:17 PDT"]
[Termination "GOGIEFF won by resignation"]

1. d4 Nf6 2. c4 g6 3. Nc3 Bg7 4.
e4 d6 5. Be2 O-O 6. Bg5 c5 7.
d5 e6 8. Nf3 exd5 9. cxd5 h6 10. Be3 Ng4 11. Bf4 f5 12. exf5 Bxf5 13. O-O g5 14. Bg3 a6 15. h4 b5 16. hxg5 hxg5 17. Bd3 Nh6 18. Ne4 Nf7 19. Nxc5 Bxd3 20. Ne6 1-0

[Event "*** SCC Grand Prix: Titled Tuesday Blitz"]
[Site "Chess.com"]
[Date "2020.10.13"]
[Round "4"]
[White "ErikRonka"]
[Black "queen_iryna"]
[Result "0-1"]
[WhiteElo "2427"]
[BlackElo "2301"]
[TimeControl "180+1"]
[EndTime "10:35:37 PDT"]
[Termination "queen_iryna won by resignation"]

1. d4 d6 2. e4 Nf6 3. Nc3 e5 4. dxe5 dxe5 5. Qxd8+ Kxd8 6. Bg5 Be6 7. O-O-O+ Nd7 8. f4 exf4 9. Nf3 Kc8 10. Bxf4 c6 11. h3 Bb4 12. Bd2 Re8 13. Bd3 Nc5 14. Rhe1 a5 15.
a3 Nxd3+ 16. cxd3 Bf8 17. Rf1 b5 18. d4 b4 19. Na4 Bb3 20. Nb6+ Kb7 21. Nxa8 Bxd1 22.
Rxd1 bxa3 23. Bxa5 Rxa8 0-1

[Event "*** SCC Grand Prix: Titled Tuesday Blitz"]
[Site "Chess.com"]
[Date "2020.10.13"]
[Round "4"]
[White "barbara25"]
[Black "TokChess"]
[Result "0-1"]
[WhiteElo "2255"]
[BlackElo "2393"]
[TimeControl "180+1"]
[EndTime "10:35:37 PDT"]
[Termination "TokChess won by resignation"]

1. e4 c5 2. Nf3 e6 3. g3 Nc6 4.
Bg2 Nf6 5. d3 d5 6. exd5 Nxd5 7. O-O Be7 8. c3 O-O 9. Re1 b6 10. Nbd2 Bb7 11. Nf1 Qc7 12. Qe2 Rad8 13. h3 Rd7 14. g4 Rfd8 15. Ng3 Nf4 16. Bxf4 Qxf4 17. Rad1 g6 18. b3 Bf6 19. c4 Bg7 20. Ne4 Nb4 21. Bf1 Nxa2 22. Ra1 Bxa1 23. Rxa1 Bxe4 24.
dxe4 Nc3 25. Qe3 Qxe3 26. fxe3 Nxe4 27. Ne5 Rc7 28. Bg2 f6 29. Nf3 Nd2 0-1

[Event "*** SCC Grand Prix: Titled Tuesday Blitz"]
[Site "Chess.com"]
[Date "2020.10.13"]
[Round "4"]
[White "DonBroca"]
[Black "Forantes"]
[Result "0-1"]
[WhiteElo "2198"]
[BlackElo "2428"]
[TimeControl "180+1"]
[EndTime "10:35:40 PDT"]
[Termination "Forantes won by resignation"]

1. e4 c5 2. Nf3 Nc6 3. d4 cxd4 4. Nxd4 e5 5. Nb5 a6 6. Nd6+ Bxd6 7. Qxd6 Qf6 8. Qd1 Qg6 9. Nc3 d5 10. exd5 Nd4 11. Bd3 Qxg2 12. Rf1 Nf3+ 13. Ke2 Bg4 14. Be4 Nxh2+ 15. Kd3 Qxf1+ 16. Qxf1 Nxf1 17. Bg5 Nh2 18. Rg1 f5 19. Bh1 h6 20. Bh4 g5 21. Bg3 Nf3 22.
Bxf3 Bxf3 23. Bxe5 Rh7 0-1

[Event "*** SCC Grand Prix: Titled Tuesday Blitz"]
[Site "Chess.com"]
[Date "2020.10.13"]
[Round "4"]
[White "RamyresCoelho"]
[Black "googlegoom"]
[Result "0-1"]
[WhiteElo "2067"]
[BlackElo "2379"]
[TimeControl "180+1"]
[EndTime "10:35:47 PDT"]
[Termination "googlegoom won by resignation"]

1. e4 c5 2. Nf3 Nc6 3. d4 cxd4 4.
Nxd4 Qb6 5. Nxc6 bxc6 6. Bd3 e6 7. O-O d5 8. exd5 cxd5 9. Nc3 Nf6 10. Na4 Qa5 11.
b3 Bd7 12. Bd2 Qc7 13. Nc3 Bd6 14. g3 O-O 15. Nb5 Bxb5 16. Bxb5 Rac8 17. Bd3 Ne4 18. Bxe4 dxe4 19. c4 f5 20. Bc3 Rfd8 21. Qh5 Be5 22. Bxe5 Qxe5 23. Qe2 Rd3 24. Rfd1 Rcd8 25. Rxd3 Qxa1+ 26. Kg2 exd3 27. Qxe6+ Kh8 28. Qe7 Qd4 0-1

[Event "*** SCC Grand Prix: Titled Tuesday Blitz"]
[Site "Chess.com"]
[Date "2020.10.13"]
[Round "4"]
[White "Das_Virus_2020"]
[Black "BikingBrian"]
[Result "1-0"]
[WhiteElo "2401"]
[BlackElo "2208"]
[TimeControl "180+1"]
[EndTime "10:35:54 PDT"]
[Termination "Das_Virus_2020 won by resignation"]

1. e4 c5 2. c3 g6 3. h4 h5 4. d4 cxd4 5. cxd4 d5 6. Nc3 dxe4 7. Bg5 Bg4 8. Qb3 Qb6 9. Qxb6 axb6 10. Nxe4 Nc6 11. f3 Nxd4 12. O-O-O Bg7 13. fxg4 Rxa2 14. Kb1 Ra8 15. Nf3 f6 16. Nxd4 fxg5 17. Ne6 Be5 18. Bb5+ Kf7 19. N4xg5+ Kf6 20. Rhf1+ 1-0

[Event "*** SCC Grand Prix: Titled Tuesday Blitz"]
[Site "Chess.com"]
[Date "2020.10.13"]
[Round "4"]
[White "Gusarov91"]
[Black "bocah_sakit"]
[Result "0-1"]
[WhiteElo "2578"]
[BlackElo "2877"]
[TimeControl "180+1"]
[EndTime "10:35:57 PDT"]
[Termination "bocah_sakit won by resignation"]

1. e4 c5 2. Nf3 Nc6 3. Bb5 g6 4.
O-O Bg7 5. Re1 Nf6 6. c3 O-O 7. d4 cxd4 8. cxd4 d5 9. e5 Ne4 10. Nbd2 Bf5 11. Nf1 Qb6 12. a4 Bg4 13. Be3 a6 14.
Bd3 Qxb2 15. Rb1 Qc3 16. Rxb7 Qa5 17. h3 Nc3 18. Qc2 Bxf3 19. gxf3 Rfc8 20. Qb3 Qxa4 21. Qxc3 Nxe5 22. Qb3 Nxf3+ 23. Kh1 Qxb3 24. Rxb3 Nxe1 25. Be2 Nc2 26. Rd3 a5 27. Nd2 a4 28. Bd1 a3 29. Bxc2 Rxc2 30. Nb3 Rb2 31. Bc1 Rb1 0-1

[Event "*** SCC Grand Prix: Titled Tuesday Blitz"]
[Site "Chess.com"]
[Date "2020.10.13"]
[Round "4"]
[White "AnnaChessLook"]
[Black "Slovak_fighter2000"]
[Result "0-1"]
[WhiteElo "2222"]
[BlackElo "2407"]
[TimeControl "180+1"]
[EndTime "10:36:14 PDT"]
[Termination "Slovak_fighter2000 won by resignation"]

1. d4 Nf6 2. c4 g6 3. Nc3 Bg7 4. e4 d6 5. Be2 Nbd7 6. Be3 c5 7.
d5 O-O 8. Nf3 b5 9. cxb5 a6 10.
a4 axb5 11. Bxb5 Ne8 12. O-O Nc7 13. Bc6 Rb8 14. Qc2 Ba6 15. Rfe1 f5 16. exf5 Rxf5 17. Ng5 Ne5 18. Ne6 Nxe6 19. dxe6 Nxc6 20. g4 Rf8 21.
Rab1 Nd4 0-1

[Event "*** SCC Grand Prix: Titled Tuesday Blitz"]
[Site "Chess.com"]
[Date "2020.10.13"]
[Round "4"]
[White "ElMosho7u7r"]
[Black "Kaslask"]
[Result "0-1"]
[WhiteElo "2135"]
[BlackElo "2261"]
[TimeControl "180+1"]
[EndTime "10:36:14 PDT"]
[Termination "Kaslask won by resignation"]

1. e4 c5 2. Nf3 e6 3. d4 cxd4 4. Nxd4 Nc6 5. c4 e5 6. Nb3 Nf6 7. f3 a5 8. a4 Bb4+ 9. Nc3 O-O 10. Be3 d6 11. Be2 Nh5 12. Qd2 Nf4 13. Bxf4 exf4 14. Qxf4 Ne5 15. Rc1 Be6 16. Nd2 Qb6 17. Nd5 Bxd5 18.
exd5 Rfe8 19. Kd1 Ng6 20. Qf5 0-1

[Event "*** SCC Grand Prix: Titled Tuesday Blitz"]
[Site "Chess.com"]
[Date "2020.10.13"]
[Round "4"]
[White "szachuspl"]
[Black "Sankalp_Gupta2003"]
[Result "0-1"]
[WhiteElo "2555"]
[BlackElo "2735"]
[TimeControl "180+1"]
[EndTime "10:36:19 PDT"]
[Termination "Sankalp_Gupta2003 won by resignation"]

1. d3 Nf6 2. g3 g6 3. Bg2 Bg7 4.
e4 d6 5. Nf3 O-O 6. O-O e5 7.
Nc3 Nc6 8. h3 Ne8 9. Nd5 h6 10.
c4 Kh7 11. Nh4 Nd4 12. Be3 c6 13. Nc3 f5 14. exf5 Nxf5 15. Nxf5 Bxf5 16. g4 Be6 17. Rc1 Qh4 18. Ne4 Rd8 19. d4 Nf6 20. Ng3 Bxg4 21.
hxg4 Nxg4 22. Re1 Qh2+ 23. Kf1 Qxg3 24. Rc3 Rxf2+ 0-1

[Event "*** SCC Grand Prix: Titled Tuesday Blitz"]
[Site "Chess.com"]
[Date "2020.10.13"]
[Round "4"]
[White "pfalcon1949"]
[Black "Shivagami"]
[Result "0-1"]
[WhiteElo "1937"]
[BlackElo "2236"]
[TimeControl "180+1"]
[EndTime "10:36:21 PDT"]
[Termination "Shivagami won by checkmate"]

1. c4 e5 2. g3 c6 3. Nf3 e4 4. Nd4 d5 5. cxd5 cxd5 6. d3 Nf6 7. Nc3 Bc5 8. dxe4 dxe4 9. Be3 O-O 10. Bg2 Re8 11.
Qc2 Bxd4 12. Rd1 Bxc3+ 13. Qxc3 Qe7 14. O-O Nc6 15. Bc5 Qe5 16. Qa3 Bg4 17. Bd6 Qb5 18.
f3 exf3 19. exf3 Bf5 20. Kh1 Re2 21. Rfe1 Rae8 22. Rxe2 Qxe2 23. Rg1 Nd4 24. Bf4 Bd3 25. Qxa7 Nxf3 26. Rc1 Ng4 27. Bxf3 Qxh2# 0-1

[Event "*** SCC Grand Prix: Titled Tuesday Blitz"]
[Site "Chess.com"]
[Date "2020.10.13"]
[Round "4"]
[White "Hikaru"]
[Black "LiamVrolijk"]
[Result "1-0"]
[WhiteElo "3213"]
[BlackElo "2836"]
[TimeControl "180+1"]
[EndTime "10:36:25 PDT"]
[Termination "Hikaru won by checkmate"]

1. Nf3 d5 2. b3 Bf5 3. g3 e6 4. Nh4 Bg4 5. h3 Bh5 6. Bb2 Nd7 7. d3 Ngf6 8. g4 Bg6 9. Nd2 Bd6 10. e3 Qe7 11. a3 e5 12. Bg2 c6 13. Qe2 O-O-O 14.
b4 Rhe8 15. c4 Kb8 16. Nb3 e4 17. Nxg6 hxg6 18. c5 Bc7 19. d4 g5 20. a4 Nf8 21.
b5 Ng6 22. bxc6 bxc6 23. Qa6 Nh4 24. Bf1 Nf3+ 25. Kd1 Qd7 26. Bc3 Ka8 27. Kc2 Rb8 28.
Be2 Rb7 29. Rhb1 Reb8 30. Bb5 cxb5 31. c6 Rb6 32. Qxa7+ Kxa7 33. axb5+ Ra6 34. Rxa6# 1-0

[Event "*** SCC Grand Prix: Titled Tuesday Blitz"]
[Site "Chess.com"]
[Date "2020.10.13"]
[Round "4"]
[White "Sanyura"]
[Black "Aygehovit1992"]
[Result "0-1"]
[WhiteElo "2477"]
[BlackElo "2631"]
[TimeControl "180+1"]
[EndTime "10:36:32 PDT"]
[Termination "Aygehovit1992 won by resignation"]

1. e4 c5 2. Nf3 d6 3. d4 cxd4 4. Nxd4 Nf6 5. Nc3 Nc6 6. Bg5 Bd7 7. Qd2 Rc8 8. Nxc6 Bxc6 9. f3 h6 10. Bh4 e6 11. O-O-O Nxe4 12. Nxe4 Qxh4 13. Nxd6+ Bxd6 14. Qxd6 Qe7 15. Be2 Qxd6 16. Rxd6 Ke7 17. Rhd1 Bd5 18. R6xd5 exd5 19. Rxd5 Rhd8 20. Rb5 b6 21. Rb4 Rc5 22. Re4+ Kf6 23. c3 g5 24. a4 Re5 25. b4 Rxe4 26.
fxe4 Ke5 27. Bf3 Kf4 28. Kc2 g4 29. Be2 h5 30. h3 Ke3 31. Bd1 Rd2+ 32. Kc1 Rxg2 33.
hxg4 h4 34. a5 h3 0-1

[Event "*** SCC Grand Prix: Titled Tuesday Blitz"]
[Site "Chess.com"]
[Date "2020.10.13"]
[Round "4"]
[White "1977Ivan"]
[Black "VincentKeymer"]
[Result "1-0"]
[WhiteElo "2691"]
[BlackElo "2832"]
[TimeControl "180+1"]
[EndTime "10:36:33 PDT"]
[Termination "1977Ivan won by resignation"]

1. c4 e6 2. Nf3 d5 3. e3 Nf6 4. Nc3 c6 5. b3 Bd6 6. Bb2 O-O 7. Qc2 e5 8. cxd5 cxd5 9. Nb5 Nc6 10. Nxd6 Qxd6 11.
Bb5 d4 12. Bxc6 bxc6 13. O-O c5 14. Ba3 Ba6 15. Qxc5 Qxc5 16. Bxc5 Rfc8 17. Rfc1 Ne4 18. exd4 exd4 19. Bxd4 f6 20. h3 Be2 21. Be3 a5 22. Nd4 Bd3 23. g4 Kf7 24. f3 g6 25. fxe4 1-0

[Event "*** SCC Grand Prix: Titled Tuesday Blitz"]
[Site "Chess.com"]
[Date "2020.10.13"]
[Round "4"]
[White "gurelediz"]
[Black "ajedrezhoy"]
[Result "1-0"]
[WhiteElo "2601"]
[BlackElo "2249"]
[TimeControl "180+1"]
[EndTime "10:36:34 PDT"]
[Termination "gurelediz won by resignation"]

1. e4 Nf6 2. Nc3 d5 3. exd5 Nxd5 4. Bc4 Nb6 5. Bb3 c5 6. d3 Nc6 7. Qh5 e6 8. Nf3 Be7 9. Bg5 Nd4 10. Bxe7 Qxe7 11.
O-O g6 12. Qh3 e5 13. Qg3 Nxf3+ 14. Qxf3 O-O 15. Rfe1 Kg7 16. Qg3 f6 17. f4 Re8 18.
fxe5 fxe5 19. Rf1 Bf5 20. Rxf5 1-0

[Event "*** SCC Grand Prix: Titled Tuesday Blitz"]
[Site "Chess.com"]
[Date "2020.10.13"]
[Round "4"]
[White "Inga83"]
[Black "mfwagnerpeixoto"]
[Result "0-1"]
[WhiteElo "2392"]
[BlackElo "2251"]
[TimeControl "180+1"]
[EndTime "10:36:50 PDT"]
[Termination "mfwagnerpeixoto won by resignation"]

1. d4 Nf6 2. c4 g6 3. f3 Bg7 4. e4 d6 5. Nc3 O-O 6. Be3 e5 7.
d5 Nh5 8. Qd2 Qh4+ 9. Bf2 Qf4 10.
Qxf4 Nxf4 11. g3 Nh5 12. Nb5 Na6 13. Ne2 Nb4 14. Kd2 Bd7 15. a3 Na6 16. Be3 f5 17.
Rb1 fxe4 18. fxe4 Nf6 19. Bg2 Ng4 20. Bh3 Nxe3 21. Bxd7 Nxc4+ 22. Kd3 Nc5+ 23. Kxc4 Nxd7 24. Nec3 a6 25. Nxc7 Rac8 26. Kd3 Rxc7 27. Ke2 Nc5 28. Rbc1 Nb3 29. Rb1 Nd4+ 0-1

[Event "*** SCC Grand Prix: Titled Tuesday Blitz"]
[Site "Chess.com"]
[Date "2020.10.13"]
[Round "4"]
[White "MalyDominator"]
[Black "GAusal"]
[Result "1-0"]
[WhiteElo "2372"]
[BlackElo "2022"]
[TimeControl "180+1"]
[EndTime "10:36:51 PDT"]
[Termination "MalyDominator won by resignation"]

1. e4 c5 2. Nf3 d6 3. d4 cxd4 4. Nxd4 Nc6 5. Nc3 g6 6. Be3 Bg7 7. Qd2 Nf6 8. f3 O-O 9. g4 h5 10. gxh5 Nxh5 11. O-O-O Nxd4 12. Bxd4 Bxd4 13. Qxd4 Qb6 14.
Qd2 Be6 15. f4 Rfc8 16. f5 Bd7 17. fxg6 fxg6 18. Nd5 Qd8 19. Qg5 Kf7 20. Rg1 1-0

[Event "*** SCC Grand Prix: Titled Tuesday Blitz"]
[Site "Chess.com"]
[Date "2020.10.13"]
[Round "4"]
[White "azikom"]
[Black "onnoelgersma"]
[Result "1-0"]
[WhiteElo "2639"]
[BlackElo "2490"]
[TimeControl "180+1"]
[EndTime "10:36:54 PDT"]
[Termination "azikom won by resignation"]

1. e4 c5 2. Nc3 e6 3. d3 d5 4. g3 Nc6 5. exd5 exd5 6. Bg2 Be6 7. Nge2 d4 8. Ne4 Be7 9. Nf4 Bf5 10. O-O Qd7 11. Re1 O-O-O 12. Bd2 h5 13. h4 Nh6 14. a3 Bg4 15. Qb1 Rhe8 16. b4 c4 17. dxc4 Ne5 18. c5 Nf3+ 19. Bxf3 Bxf3 20. Qb3 Bxe4 21. Rxe4 Bf6 22. Rae1 Rxe4 23. Rxe4 g5 24. Nxh5 Qf5 25. Nxf6 Qxf6 26. Bxg5 Qf5 27. Rf4 Qxf4 28. Bxf4 1-0

[Event "*** SCC Grand Prix: Titled Tuesday Blitz"]
[Site "Chess.com"]
[Date "2020.10.13"]
[Round "4"]
[White "Semen16"]
[Black "NikolaGry"]
[Result "0-1"]
[WhiteElo "2463"]
[BlackElo "2630"]
[TimeControl "180+1"]
[EndTime "10:36:55 PDT"]
[Termination "NikolaGry won by checkmate"]

1. e4 d6 2. d4 Nf6 3. Nc3 g6 4. Be3 c6 5. a4 Qb6 6. Qc1 Bg7 7. f3 Nbd7 8. a5 Qc7 9. Qd2 O-O 10. Bh6 e5 11. Nge2 Re8 12. Bxg7 Kxg7 13. d5 cxd5 14.
exd5 e4 15. fxe4 Nxe4 16. Nxe4 Rxe4 17. g3 Ne5 18. Bg2 Rxe2+ 19. Qxe2 Bg4 20. Qf2 Qc4 21. Ra3 Re8 22. Re3 Nd3+ 23. cxd3 Qc1# 0-1

[Event "*** SCC Grand Prix: Titled Tuesday Blitz"]
[Site "Chess.com"]
[Date "2020.10.13"]
[Round "4"]
[White "manitodeplomo"]
[Black "swimmerchess"]
[Result "0-1"]
[WhiteElo "2621"]
[BlackElo "2778"]
[TimeControl "180+1"]
[EndTime "10:36:56 PDT"]
[Termination "swimmerchess won by resignation"]

1. d4 Nf6 2. c4 g6 3. Nc3 Bg7 4. e4 d6 5. Be2 O-O 6. Nf3 e5 7.
d5 a5 8. Bg5 h6 9. Bh4 Na6 10.
Nd2 Bd7 11. O-O Qe8 12. b3 Nh7 13. a3 h5 14. f3 Bh6 15. Rb1 Be3+ 16. Kh1 Bc5 17.
Qc1 f5 18. exf5 gxf5 19. f4 e4 20. Re1 Qg6 21. Nf1 Nf6 22. h3 Kh8 23. Ne3 Rg8 24. g3 Rg7 25. Ncd1 Rag8 26. Qc3 Nh7 27. b4 axb4 28.
axb4 Bb6 29. Qd2 Bc8 30. Nc2 Qf7 31. Kh2 Nf8 32. Nde3 Ng6 33. Bxh5 Nxh4 34. Bxf7 Nf3+ 35. Kh1 Nxd2 36. Bxg8 Rxg8 0-1